 Dungeon Crawl Stone Soup version 0.29.1-15-g9cfb28693d (webtiles) character file.

Game seed: 2481305032697864791

296 IndexError the Shooter (level 6, -1/39 HPs)
             Began as a Gargoyle Hunter on Mar 6, 2023.
             Shot with an arrow by a centaur (6 damage)
             ... on level 6 of the Dungeon.
             The game lasted 00:05:05 (3752 turns).

IndexError the Shooter (Gargoyle Hunter)            Turns: 3752, Time: 00:05:05

Health: -1/39      AC:  8    Str: 15    XL:     6   Next: 34%
Magic:  6/6        EV: 12    Int:  9    God:
Gold:   168        SH:  0    Dex: 21    Spells: 5/5 levels left

rFire   . . .      SeeInvis .   k - +1 sling (vorpal)
rCold   . . .      Faith    .   (no shield)
rNeg    + . .      Spirit   .   c - +0 leather armour
rPois   ∞          Reflect  .   q - +0 helmet
rElec   +          Harm     .   (no cloak)
rCorr   .          Rampage  .   (no gloves)
Will    .....                   (no boots)
Stlth   ++........              (no amulet)
HPRegen 0.13/turn               t - +6 ring of dexterity
MPRegen 0.10/turn               (no ring)

@: no status effects
A: sickness immunity, AC +4, negative energy resistance 1, electricity
resistance, torment resistance 1, petrification resistance
a: no special abilities


You were on level 6 of the Dungeon.
You visited 1 branch of the dungeon, and saw 4 of its levels.

You collected 168 gold pieces.

Inventory:

Hand Weapons
 a - a +0 shortbow
 k - a +1 vorpal sling (weapon)
   (You found it on level 1 of the Dungeon)
Missiles
 u - 3 javelins
Armour
 c - a +0 leather armour (worn)
 q - a +0 helmet (worn)
   (You found it on level 2 of the Dungeon)
Jewellery
 n - an amulet of faith {Faith, !P}
   (You found it on level 1 of the Dungeon)
 t - a +6 ring of dexterity (left hand)
   (You found it on level 3 of the Dungeon)
Scrolls
 b - 2 scrolls of immolation {!r}
 e - a scroll of summoning {unknown}
 g - 2 scrolls of poison {unknown}
 i - a scroll of fear {unknown}
 m - 2 scrolls of magic mapping {unknown}
 o - a scroll of teleportation {unknown}
 p - a scroll of enchant armour {unknown}
 r - 3 scrolls of identify {unknown}
Potions
 d - a potion of attraction {unknown}
 f - 2 potions of degeneration {unknown}
 h - 2 potions of lignification {unknown}
 j - a potion of flight {unknown}
 l - 3 potions of curing {unknown}
 s - 2 potions of might {unknown}


   Skills:
 + Level 4.4 Fighting
 * Level 6.5 Ranged Weapons
 - Level 1.5 Dodging
 - Level 1.1 Stealth


You had 5 spell levels left.
You didn't know any spells.
Your spell library contained the following spells:

 Spells                   Type           Power      Damage    Failure   Level
 Wereblood                Tmut           0%         N/A       58%         2
 Summon Hydra             Summ           0%         N/A       100%        7
 Sublimation of Blood     Necr           Unusable   N/A       N/A         2

Dungeon Overview and Level Annotations

Branches:
Dungeon (3/15)

Altars:
Cheibriados


Innate Abilities, Weirdness & Mutations

You are immune to sickness and miasma.
Your stone body is resilient. (AC +4)
You are immune to poison.
You resist negative energy. (rN+)
You are resistant to electric shocks. (rElec)
You are resistant to unholy torment.
You are immune to petrification.


Message History

You feel a bit more experienced. The adder closely misses you.
The orc barely misses you. The adder bites you but does no damage.
You shoot a sling bullet. The sling bullet misses the adder.
The orc hits you but does no damage. The adder barely misses you.
You shoot a sling bullet. The sling bullet hits the adder.
The orc hits you from afar with a +0 trident.
You take 1 damage, and have 28/39 hp.
You shoot a sling bullet. The sling bullet hits the orc.
The orc misses you.
You shoot a sling bullet. The sling bullet hits the orc.
No target in view!
No target in view!
Things that are here:
a +0 dagger; a +0 robe Sorry, you're not good enough to have a special ability.
Okay, then.
You feel agile.
t - a +6 ring of dexterity (left hand)
Found a stone staircase leading down.
Things that are here:
a +0 club; 5 stones; a goblin corpse; Health restored: 39 No target in view!
u - 3 javelins
There is a stone staircase leading down here.
You now have 168 gold pieces (gained 15).
Found a stone staircase leading down.
There is a stone staircase leading down here.
You open the door.
A worm comes into view.
Found a snail-covered altar of Cheibriados.
No reachable target in view!
A worm is nearby!
There is an open door here.
You enter the shallow water.
Moving in this stuff is going to be slow.
You shoot a sling bullet. The sling bullet hits the worm.
You shoot a sling bullet. The sling bullet hits the worm!
You shoot a sling bullet. The sling bullet hits the worm.
No target in view!
No target in view!
There is an open door here.
A bat comes into view.
A bat is nearby!
You shoot a sling bullet. The sling bullet hits the bat.
A bat comes into view.
The bat misses you.
You shoot a sling bullet. The sling bullet hits the bat.
The bat closely misses you.
You shoot a sling bullet.
The sling bullet completely misses the bat.
The bat misses you. The bat barely misses you.
You shoot a sling bullet. The sling bullet hits the bat.
No target in view!
No target in view!
A ball python comes into view.
You shoot a sling bullet. The ball python hisses angrily.
The sling bullet hits the ball python.
No target in view!
No target in view!
No target in view!
A rat comes into view.
A rat is nearby!
A rat is nearby!
You shoot a sling bullet. The sling bullet hits the rat.
No target in view!
No target in view!
A sourceless malevolence fills the Dungeon...
You fall into a shaft and drop 3 floors!
The shaft crumbles and collapses.
A centaur comes into view.
You shoot a sling bullet.
The sling bullet hits the centaur but does no damage.
The centaur shouts!
The centaur wields a +0 shortbow.
The centaur shoots an arrow.
The arrow misses you.
You shoot a sling bullet. The sling bullet hits the centaur!
The centaur shoots an arrow.
The arrow hits you.
A centaur comes into view. x2
You shoot a sling bullet.
The sling bullet barely misses the centaur.
The centaur shouts!
The sling bullet hits the centaur but does no damage.
You hear a shout!
The centaur wields a +0 shortbow.
The centaur shoots an arrow.
The arrow hits you!
A centaur comes into view.
The centaur shoots an arrow.
The arrow hits you.
The centaur shoots an arrow.
The arrow hits you.
The centaur wields a +0 shortbow.
The centaur shoots an arrow.
The arrow hits you.
You hear a shout! x2
You are too injured to fight recklessly!
You are too injured to fight recklessly!
You are too injured to fight recklessly!
You are too injured to fight recklessly!
You take 24 damage, and have 15/39 hp.
MASSIVE DAMAGE!!
The centaur shoots an arrow.
The arrow hits you!
* * * LOW HITPOINT WARNING * * *
The centaur shoots an arrow.
The arrow hits you but does no damage.
The centaur shoots an arrow.
The arrow hits you.
You die...

#########
#.....@.#####
#≈≈≈≈≈≈.....#
≈≈≈≈≈≈≈≈≈≈≈#.#
≈≈≈≈..≈≈≈≈≈≈..
≈≈≈.####c≈≈≈≈..#
≈≈≈. ##.≈≈≈≈..#
≈≈≈ #cc≈≈≈#.# ≈≈
...≈≈≈...
c..≈≈≈≈.


You could see 3 centaurs.

Vanquished Creatures
  An orc priest (D:3)
  Jessica (D:2)
  Terence (D:2)
  3 orc wizards (D:3)
  A gnoll (D:2)
  6 adders
  A worm (D:3)
  A dart slug (D:2)
  7 orcs
  3 endoplasms
  A giant cockroach (D:2)
  4 goblins
  4 hobgoblins
  13 jackals
  4 ball pythons
  4 bats
  2 frilled lizards
  5 kobolds
  6 rats
68 creatures vanquished.

Notes
Turn   | Place    | Note
-------+----------+-------------------------------------------
     0 | D:1      | IndexError the Gargoyle Hunter began the quest for the Orb.
     0 | D:1      | Reached XP level 1. HP: 12/12 MP: 1/1
   402 | D:1      | Reached XP level 2. HP: 18/18 MP: 2/2
  1023 | D:1      | Found a faded altar of an unknown god.
  1194 | D:2      | Reached XP level 3. HP: 15/22 MP: 3/3
  1456 | D:2      | Noticed Terence
  1470 | D:2      | Killed Terence
  1471 | D:2      | Reached skill level 3 in Fighting
  1471 | D:2      | Reached skill level 5 in Ranged Weapons
  1471 | D:2      | Reached XP level 4. HP: 9/28 MP: 4/4
  2452 | D:2      | Noticed Jessica
  2455 | D:2      | Killed Jessica
  2456 | D:2      | Reached XP level 5. HP: 33/33 MP: 5/5
  3093 | D:3      | Reached skill level 6 in Ranged Weapons
  3100 | D:3      | Reached skill level 4 in Fighting
  3153 | D:3      | Reached XP level 6. HP: 22/38 MP: 6/6
  3586 | D:3      | Found a snail-covered altar of Cheibriados.
  3744 | D:3      | You fall into a shaft and drop 3 floors!
  3751 | D:6      | HP: 5/39 [centaur/arrow (10)]
  3752 | D:6      | Shot with an arrow by a centaur

Illustrated notes

Levels and vault maps discovered:
D:1:      minmay_arrival_cross, layout_loops_ring,
          hellmonk_ecumenical_altar_run_dry
D:2:      layout_basic, minmay_pentomino_r2, uniq_terence, uniq_jessica
D:3:      layout_rooms, cheibrodos_worm_habitat, lemuel_tele_altar
D:6:      layout_loops_ring, pdpol_wu_jian_five_deadly_venoms, centaur_isle

Skill      XL: |  1  2  3  4  5 |
---------------+----------------+-----
Fighting       | 3 4 |  4.4
Ranged Weapons | 5 6 |  6.5
Dodging        | |  1.5
Stealth        | |  1.1

Action                   |  1- 3 |  4- 6 || total
-------------------------+-------+-------++-------
Melee: Sling             |       |     2 ||     2
 Fire: Shortbow          |    14 |       ||    14
       Sling             |    63 |   162 ||   225
Armor: Leather armour    |    21 |    54 ||    75
Dodge: Dodged            |    34 |    54 ||    88

Table legend: (Time is in decaauts)
 A = Elapsed time spent in this place.
 B = Non-inter-level travel time spent in this place.
 C = Inter-level travel time spent in this place.
 D = Time resting spent in this place.
 E = Time spent auto-exploring this place.
 F = Levels seen in this place.
 G = Mean time per level.
                   A        B        C        D        E       F      G
               +--------+--------+--------+--------+--------+-----+--------+
         Total |   3812 |   3537 |    275 |      0 |   3075 |   4 |  953.0 |
       Dungeon |   3812 |   3537 |    275 |      0 |   3075 |   4 |  953.0 |
               +--------+--------+--------+--------+--------+-----+--------+

Top non-repeatable levels by time:
     D:2: 1916 daAuts
     D:1: 1173 daAuts
     D:3: 713 daAuts
     D:6: 8 daAuts

Table legend:
 A = Kills in this place as a percentage of kills in entire the game.
 B = Kills by you in this place as a percentage of kills by you in the entire game.
 C = Kills by friends in this place as a percentage of kills by friends in the entire game.
 D = Other kills in this place as a percentage of other kills in the entire game.
 E = Experience gained in this place as a percentage of experience gained in the entire game.
 F = Experience gained in this place divided by the number of levels of this place that you have seen.
                   A       B       C       D       E      F
               +-------+-------+-------+-------+-------+----------------------
         Total | 100.0 | 100.0 |   N/A |   N/A | 100.0 | 105.8
       Dungeon | 100.0 | 100.0 |   N/A |   N/A | 100.0 | 105.8
               +-------+-------+-------+-------+-------+----------------------
